 Dungeon Crawl Stone Soup version 0.26-b1-32-g5d43845318 (webtiles) character file.

Game seed: 3627041006802679161

87 Borgoz the Slasher (level 4, -3/37 HPs)
             Began as a Ghoul Gladiator on Jan 13, 2021.
             Slain by an orc priest
             ... wielding a +4 mace
              (6 damage)
             ... on level 3 of the Dungeon.
             The game lasted 00:02:10 (2174 turns).

Borgoz the Slasher (Ghoul Gladiator)                Turns: 2174, Time: 00:02:11

Health: -3/37      AC:  4    Str: 17    XL:     4   Next: 51%
Magic:  3/3        EV: 12    Int:  3    God:
Gold:   86         SH:  0    Dex: 11    Spells: 3/3 levels left

rFire    . . .     SeeInvis .   a - +0 long sword
rCold    + . .     Faith    .   (no shield)
rNeg     + + +     Spirit   .   b - +0 leather armour
rPois    ∞         Reflect  .   m - +1 hat
rElec    .         Harm     .   (no cloak)
rCorr    .         Rampage  .   (no gloves)
Will     .....                  (no boots)
Stlth    +.........             (no amulet)
HPRegen  0.00/turn              (no ring)
MPRegen  0.08/turn              (no ring)

@: no status effects
A: claws 1, cold resistance 1, negative energy resistance 3, inhibited
regeneration, torment resistance, unbreathing
a: no special abilities


You were on level 3 of the Dungeon.
You visited 1 branch of the dungeon, and saw 3 of its levels.

You collected 86 gold pieces.

Inventory:

Hand Weapons
 a - a +0 long sword (weapon)
Missiles
 d - 3 throwing nets (quivered)
Armour
 b - a +0 leather armour (worn)
 m - a +1 hat (worn)
Scrolls
 c - a scroll of immolation {unknown}
 e - 4 scrolls of remove curse {unknown}
 f - 3 scrolls of teleportation {unknown}
 g - 2 scrolls of enchant weapon {unknown}
 h - 4 scrolls of identify {unknown}
 j - a scroll of amnesia {unknown}
 l - 2 scrolls of noise {unknown}
 n - 3 scrolls of fear {unknown}
 q - a scroll of fog {unknown}
Potions
 i - 2 potions of curing {unknown}
 k - 4 potions of heal wounds {unknown}
 o - a potion of might {unknown}
 p - 2 potions of resistance {unknown}
 r - 2 potions of degeneration {unknown}


   Skills:
 + Level 2.6 Fighting
 * Level 3.4 Long Blades
 - Level 1.7 Throwing
 * Level 1.8 Armour
 * Level 3.2 Dodging


You had 3 spell levels left.
You didn't know any spells.
Your spell library was empty.

Dungeon Overview and Level Annotations

Branches:
Dungeon (3/15)

Altars:


Innate Abilities, Weirdness & Mutations

You thrive by killing the living.
You are immune to poison.
You have sharp fingernails.
Your flesh is cold resistant. (rC+)
You are immune to negative energy. (rN+++)
You do not regenerate when monsters are visible.
You are immune to unholy pain and torment.
You can survive without breathing.


Message History

You are too injured to fight recklessly!
You are too injured to fight recklessly!
You are too injured to fight recklessly!
You are too injured to fight recklessly!
You slash the orc priest!
The orc priest is severely wounded.
The orc misses you.
The orc priest looks braver for a moment.
You closely miss the orc priest.
The orc priest is severely wounded.
The orc closely misses you.
The orc priest calls down the wrath of Beogh upon you.
Beogh smites you!
* * * LOW HITPOINT WARNING * * *
You hit the orc priest.
The orc priest is severely wounded.
The orc hits you with a +0 short sword.
* * * LOW HITPOINT WARNING * * *
The orc priest hits you with a +4 mace.
You die...

###### #....######
#....##..<# ######
#....#..#.#####.....
#...##..#....####
#.............#
#)###..#......# #
###.# #.#######.###
#.#o@[# #.# #....
#..o###
#.#######.... #..###
..##......... #..
#....#####.## ...
..# #.# >.## .##
######.# ... .
###......# ##
#...######
#######.###


You could see an orc priest and an orc.

Vanquished Creatures
  An orc priest (D:3)
  A worm (D:2)
  2 dart slugs (D:1)
  3 orcs (D:3)
  A ball python (D:2)
  3 bats (D:1)
  6 giant cockroaches (D:1)
  6 goblins
  5 hobgoblins
  2 jackals (D:1)
  4 frilled lizards
  6 kobolds
  3 rats
43 creatures vanquished.

Notes
Turn   | Place    | Note
-------+----------+-------------------------------------------
     0 | D:1      | Borgoz the Ghoul Gladiator began the quest for the Orb.
     0 | D:1      | Reached XP level 1. HP: 17/17 MP: 0/0
    38 | D:1      | You fall into a shaft and drop 1 floor!
   105 | D:2      | Reached XP level 2. HP: 5/25 MP: 1/1
   758 | D:1      | Reached skill level 1 in Armour
   813 | D:1      | Reached XP level 3. HP: 30/30 MP: 2/2
  2161 | D:3      | Reached XP level 4. HP: 31/37 MP: 3/3
  2174 | D:3      | Slain by an orc priest

Illustrated notes

Levels and vault maps discovered:
D:1:      dpeg_arrival_refuge, layout_basic, minmay_worlds_worst_comb
D:2:      layout_loops_cross, hangedman_decor_push, hangedman_glass_teeth
D:3:      layout_rooms, serial_bayou_pond_c, uniq_grinder

Skill      XL: |  1  2  3 |
---------------+----------+-----
Long Blades    | 3 |  3.4
Armour         | 1 |  1.8
Dodging        | 3 |  3.2
Fighting       | |  2.6
Throwing       | |  1.7

Action                   |  1- 3 |  4- 6 || total
-------------------------+-------+-------++-------
Melee: Long sword        |   117 |    13 ||   130
Throw: Throwing net      |     1 |       ||     1
Armor: Leather armour    |    40 |     1 ||    41
Dodge: Dodged            |    58 |    12 ||    70
       Rpst.: Long sword |    18 |     4 ||    22
